[Event "January 2 Early 2024"]
[Site "https://www.chess.com"]
[Date "2024.01.02"]
[Round "1"]
[White "Ten Hertog, Hugo"]
[Black "Coca Cubillos, Jesus Alberto"]
[Result "1-0"]
[Board "159"]
[TimeControl "180+1"]
[WhiteFideId "1026356"]
[BlackFideId "4462912"]
[WhiteElo "2716"]
[BlackElo "2361"]
[WhiteTeam "NED"]
[BlackTeam "COL"]
[WhiteClock "0:00:27"]
[BlackClock "0:02:07"]

1. g3 g6 2. Bg2 Bg7 3. e4 Nh6 4. d4 d6 5. f4 O-O 6. Nf3 e6 7. O-O Kh8 8. c4 Nc6 9. Nc3 f6 10. d5 Ne7 11. dxe6 Bxe6 12. Qd3 Nc6 13. b3 Qd7 14. Bb2 Rae8 15. Nd5 f5 16. Bxg7+ Qxg7 17. Ng5 Bg8 18. Rae1 fxe4 19. Bxe4 Nf7 20. Nf3 Nfd8 21. a3 Ne6 22. b4 Ncd4 23. Nxd4 Nxd4 24. Nxc7 Qxc7 25. Qxd4+ Qg7 26. Qxg7+ Kxg7 27. Bxb7 Bxc4 28. Rxe8 Rxe8 29. Rd1 Re3 30. a4 Ra3 31. Bc6 Rb3 32. Rxd6 Rxb4 33. Rd7+ Kh6 34. Rxa7 g5 35. Rb7 Rxb7 36. Bxb7 gxf4 37. gxf4 Kg6 38. Kf2 Kf5 39. Ke3 h5 40. a5 1-0

[Event "January 2 Early 2024"]
[Site "https://www.chess.com"]
[Date "2024.01.02"]
[Round "1"]
[White "Ferro, Mario"]
[Black "Mgeladze, Tamaz"]
[Result "1-0"]
[Board "160"]
[TimeControl "180+1"]
[WhiteFideId "810290"]
[BlackFideId "13601202"]
[WhiteElo "2354"]
[BlackElo "2715"]
[WhiteTeam "ITA"]
[BlackTeam "GEO"]
[WhiteClock "0:00:55"]
[BlackClock "0:00:03"]

1. d4 Nf6 2. Nc3 g6 3. e4 d6 4. h4 Bg7 5. h5 Nxh5 6. Rxh5 gxh5 7. Qxh5 Bxd4 8. Nf3 Bxc3+ 9. bxc3 Be6 10. Ng5 Qd7 11. f4 Nc6 12. f5 O-O-O 13. fxe6 fxe6 14. Nf7 Qe8 15. Bc4 d5 16. exd5 exd5 17. Qh3+ e6 18. Nxh8 dxc4 19. Bg5 Qxh8 20. Bxd8 Qe5+ 21. Kf1 Nxd8 22. Re1 Qa5 23. Rd1 Qxa2 24. Qxh7 b6 25. Qd7+ Kb7 26. Qxd8 Qxc2 27. Qd2 Qb3 28. Qe2 Qxc3 29. Qxe6 a5 30. Qe4+ Ka7 31. Rd7 Qc1+ 32. Kf2 Qb2+ 33. Kg1 Qc1+ 34. Kf2 Qb2+ 35. Kg3 Qc3+ 36. Qf3 Qe5+ 37. Qf4 Qe1+ 38. Kh2 Ka6 39. Qxc4+ 1-0

[Event "January 2 Early 2024"]
[Site "https://www.chess.com"]
[Date "2024.01.02"]
[Round "1"]
[White "Cristobal, Manuel"]
[Black "Pullela, Sricharan"]
[Result "0-1"]
[Board "161"]
[TimeControl "180+1"]
[WhiteFideId "112879"]
[BlackFideId "30951089"]
[WhiteElo "2715"]
[BlackElo "2354"]
[WhiteTeam "ARG"]
[BlackTeam "USA"]
[WhiteClock "0:00:58"]
[BlackClock "0:00:33"]

1. d4 Nf6 2. Nf3 e6 3. e3 c5 4. Bd3 cxd4 5. exd4 b6 6. O-O Bb7 7. c3 Be7 8. Re1 O-O 9. Bf4 d6 10. Nbd2 Nbd7 11. a4 Re8 12. Nc4 Nf8 13. a5 b5 14. a6 Bc6 15. Na5 Bd7 16. Nb7 Qb6 17. c4 bxc4 18. Bxc4 d5 19. Bd3 Ng6 20. Bg3 Bb5 21. Ne5 Bxd3 22. Qxd3 Nxe5 23. Bxe5 Rac8 24. Qg3 Qxb2 25. Reb1 Qc2 26. Bxf6 Bxf6 27. Rd1 Rc6 28. h4 Rxa6 29. Rac1 Qg6 30. Qc7 Ra2 31. Qd7 Rf8 32. Rc8 Rc2 33. Rxf8+ Kxf8 34. Nc5 Qf5 35. Qc8+ Ke7 36. Qc7+ Kf8 37. Qb8+ Ke7 38. Qxa7+ Ke8 39. Qa4+ Kf8 40. Qa8+ Ke7 41. Qb7+ Ke8 42. Qb8+ Ke7 43. Qg3 Kf8 44. Ra1 g6 45. h5 Kg7 46. h6+ Kxh6 47. Qh2+ Kg7 48. Qg3 Qg5 49. Qxg5 Bxg5 50. Nd3 Bf6 51. Rd1 Bxd4 52. Kf1 Bf6 53. Nf4 Ra2 54. Ne2 Ra1 55. Rxa1 Bxa1 56. f3 Bf6 57. Nc1 g5 58. Ke2 h5 59. Kd3 Kg6 60. Ne2 Be5 61. Nc1 g4 62. Ke2 Kf5 63. Nd3 Bd6 64. Ke3 e5 65. Ke2 Ke6 66. Ke3 f5 67. fxg4 hxg4 68. Ke2 f4 69. Nf2 Kf5 70. Nd3 g3 71. Ne1 e4 72. Nc2 Be5 73. Nb4 d4 74. Kd2 d3 75. Nd5 Bd4 76. Ne7+ Ke6 77. Ng6 Kf5 78. Ne7+ Kg4 79. Nc6 Be3+ 80. Ke1 f3 81. gxf3+ Kxf3 82. Ne5+ Kf4 83. Nc4 g2 0-1

[Event "January 2 Early 2024"]
[Site "https://www.chess.com"]
[Date "2024.01.02"]
[Round "1"]
[White "Gomez Falagan, Daniel"]
[Black "Rakitin, Daniil"]
[Result "0-1"]
[Board "162"]
[TimeControl "180+1"]
[WhiteFideId "54509947"]
[BlackFideId "24219762"]
[WhiteElo "2354"]
[BlackElo "2712"]
[WhiteTeam "ESP"]
[BlackTeam "RUS"]
[WhiteClock "0:00:00"]
[BlackClock "0:00:04"]

1. Nf3 d5 2. b3 Nf6 3. Bb2 Bf5 4. g3 e6 5. Bg2 h6 6. O-O Be7 7. d3 O-O 8. Nbd2 c6 9. Re1 Bh7 10. e4 a5 11. a4 Na6 12. e5 Nd7 13. Nd4 Rc8 14. f4 Nb4 15. N2f3 c5 16. Nb5 c4 17. dxc4 Nxc2 18. cxd5 exd5 19. Qxd5 Nxa1 20. Bxa1 Nc5 21. Qxd8 Rfxd8 22. Nfd4 Nd3 23. Rd1 Nc5 24. Re1 Bd3 25. Bh3 Rb8 26. Bc3 Bxb5 27. axb5 a4 28. Nf5 Bf8 29. bxa4 Nxa4 30. Ba1 g6 31. Ne3 Nc5 32. Bg2 Nd3 33. Re2 Bc5 34. Kf1 Nc1 35. Re1 Nb3 36. Bc3 Rd3 37. Nd5 Rd8 38. Nf6+ Kf8 39. Bb2 Rd2 40. Bc1 Rf2+ 41. Kg1 Nxc1 42. Nh7+ Kg7 0-1

[Event "January 2 Early 2024"]
[Site "https://www.chess.com"]
[Date "2024.01.02"]
[Round "1"]
[White "Dyachuk, Artem"]
[Black "Nayak Rajesh"]
[Result "1-0"]
[Board "163"]
[TimeControl "180+1"]
[WhiteFideId "34107924"]
[BlackFideId "35017152"]
[WhiteElo "2708"]
[BlackElo "2354"]
[WhiteTeam "UKR"]
[BlackTeam "IND"]
[WhiteClock "0:01:46"]
[BlackClock "0:00:54"]

1. e4 g6 2. d4 Bg7 3. Nc3 a6 4. Be3 b5 5. Bd3 Bb7 6. Nf3 d6 7. Ne2 Nf6 8. Ng3 O-O 9. Qd2 Nfd7 10. Bh6 e5 11. h4 exd4 12. h5 Ne5 13. hxg6 fxg6 14. Bxg7 Rxf3 15. Qh6 Nxd3+ 16. cxd3 Rxd3 17. Qxh7+ Kf7 18. Ke2 Rxg3 19. fxg3 Qg5 20. Bh6+ 1-0

[Event "January 2 Early 2024"]
[Site "https://www.chess.com"]
[Date "2024.01.02"]
[Round "1"]
[White "Shohat, Yotam"]
[Black "Perez Gormaz, Matias"]
[Result "0-1"]
[Board "164"]
[TimeControl "180+1"]
[WhiteFideId "2813955"]
[BlackFideId "3406342"]
[WhiteElo "2352"]
[BlackElo "2706"]
[WhiteTeam "ISR"]
[BlackTeam "CHI"]
[WhiteClock "0:01:07"]
[BlackClock "0:00:40"]

1. e4 c6 2. Nf3 d5 3. Nc3 Bg4 4. Be2 e6 5. O-O Nd7 6. d4 dxe4 7. Nxe4 Ngf6 8. Bg5 Be7 9. Bxf6 Nxf6 10. Qd3 O-O 11. c3 Qd5 12. Nxf6+ Bxf6 13. h3 Bf5 14. Qe3 Rfd8 15. b3 Rac8 16. Bc4 Qe4 17. Qd2 Bxh3 18. gxh3 Qxf3 19. Qe3 Qh5 20. f4 c5 21. Rad1 cxd4 22. cxd4 b5 23. Be2 Qg6+ 24. Kh2 Rc2 25. Rg1 Qh5 26. Rg2 Qd5 27. Bf3 Rxg2+ 28. Bxg2 Qh5 29. d5 Qxd1 30. dxe6 fxe6 31. Qxe6+ Kh8 0-1

[Event "January 2 Early 2024"]
[Site "https://www.chess.com"]
[Date "2024.01.02"]
[Round "1"]
[White "Javakhadze, Zurab"]
[Black "Gutkin, Ilya"]
[Result "1-0"]
[Board "165"]
[TimeControl "180+1"]
[WhiteFideId "13603647"]
[BlackFideId "16203470"]
[WhiteElo "2704"]
[BlackElo "2351"]
[WhiteTeam "GEO"]
[BlackTeam "GER"]
[WhiteClock "0:00:02"]
[BlackClock "0:00:03"]

1. d4 e6 2. c4 Bb4+ 3. Bd2 Qe7 4. Nf3 Nf6 5. g3 Nc6 6. Nc3 Bxc3 7. Bxc3 Ne4 8. Rc1 Nxc3 9. Rxc3 O-O 10. Bg2 d6 11. O-O a5 12. d5 Nb4 13. a3 Na6 14. b3 e5 15. Nd2 f5 16. Qb1 f4 17. b4 Bf5 18. Be4 Bxe4 19. Nxe4 fxg3 20. hxg3 b6 21. c5 axb4 22. axb4 bxc5 23. bxc5 Nxc5 24. Nxc5 dxc5 25. Qb5 Rfd8 26. Rxc5 Rd7 27. Qc4 Qf7 28. Qe4 Re8 29. Rfc1 h6 30. R1c3 Rf8 31. Rf3 Qe7 32. Rxf8+ Kxf8 33. Rb5 Rd8 34. Ra5 Qd6 35. Qc4 Kg8 36. e4 Rf8 37. Ra6 Qd7 38. Re6 Kh8 39. Rxe5 Qf7 40. Rf5 Qe7 41. Rxf8+ Qxf8 42. e5 Qf5 43. e6 Qe5 44. Qd3 Kg8 45. Qg6 Kf8 46. Qf7# 1-0

[Event "January 2 Early 2024"]
[Site "https://www.chess.com"]
[Date "2024.01.02"]
[Round "1"]
[White "Seder, Mohammed"]
[Black "Tasev, Dejan"]
[Result "0-1"]
[Board "166"]
[TimeControl "180+1"]
[WhiteFideId "11505567"]
[BlackFideId "936618"]
[WhiteElo "2346"]
[BlackElo "2703"]
[WhiteTeam "PLE"]
[BlackTeam "SRB"]
[WhiteClock "0:00:05"]
[BlackClock "0:01:11"]

1. e4 c5 2. Nf3 Nc6 3. Bb5 g6 4. O-O Bg7 5. c3 a6 6. Bxc6 dxc6 7. d3 b6 8. a4 a5 9. Qc2 Nf6 10. h3 O-O 11. Be3 Nd7 12. Rd1 e5 13. d4 exd4 14. cxd4 cxd4 15. Bxd4 c5 16. Bxg7 Kxg7 17. Qc3+ Qf6 18. e5 Qe6 19. Rd6 Qe7 20. Nbd2 Kg8 21. Ne4 f6 22. Qc4+ Kg7 23. e6 Ne5 24. Nxe5 fxe5 25. Qd5 Bb7 26. Rd7 Bxd5 27. Rxe7+ Kh6 28. Nd6 Rf6 29. Nf7+ Kh5 30. g4+ Kh4 31. Nxe5 Rxe6 32. Rxh7+ Kg5 33. Nd3 Rae8 34. f4+ Kf6 35. Ne5 Rxe5 36. fxe5+ Rxe5 37. Rf1+ Kg5 38. Rg7 Re2 39. h4+ Kxh4 40. Rf2 Re1+ 41. Rf1 Re6 42. Rf4 Kg3 43. Rf2 Re1+ 44. Rf1 Re2 45. Rh7 Rg2+ 46. Kh1 Rh2+ 47. Kg1 Rxh7 48. g5 Rh1# 0-1

[Event "January 2 Early 2024"]
[Site "https://www.chess.com"]
[Date "2024.01.02"]
[Round "1"]
[White "Tarhan, Adar"]
[Black "Bernat, David"]
[Result "1-0"]
[Board "167"]
[TimeControl "180+1"]
[WhiteFideId "34544712"]
[BlackFideId "2099225"]
[WhiteElo "2702"]
[BlackElo "2346"]
[WhiteTeam "TUR"]
[BlackTeam "USA"]
[WhiteClock "0:01:20"]
[BlackClock "0:00:11"]

1. e4 c5 2. Nf3 g6 3. c3 Bg7 4. d4 cxd4 5. cxd4 d5 6. exd5 Nf6 7. Nc3 Nxd5 8. Bc4 Nxc3 9. bxc3 O-O 10. h4 Qc7 11. Qd3 Bf5 12. Qe2 b5 13. Bd5 Qxc3+ 14. Qd2 Qxa1 15. O-O Qb1 16. Bxa8 Nd7 17. Bc6 Nb6 18. Ba3 Qd3 19. Bxe7 Qxd2 20. Nxd2 Rc8 21. d5 Bf8 22. Re1 Bxe7 23. Rxe7 Rd8 24. Rxa7 Nxd5 25. Nf3 b4 26. Ne5 Be6 27. Nd3 Nf4 28. Nxf4 Rd1+ 29. Kh2 Bf5 30. Bd5 Rd2 31. Bxf7+ Kf8 32. Bb3 Rxf2 33. Nd5 Be4 34. Ra8+ Kg7 35. Ra7+ Kh6 36. Ne3 Re2 37. Ng4+ Kh5 38. Nf6+ Kxh4 39. Rxh7+ Kg5 40. Nxe4+ Rxe4 41. Rh3 Rd4 42. Rf3 Kh5 43. Rg3 g5 44. Bf7+ Kh6 45. Be6 Re4 46. Bf5 Rf4 47. Bc2 Rd4 48. Rd3 Rf4 49. Kg3 Kg7 50. Rd6 Rc4 51. Rg6+ Kf7 52. Bb3 Kxg6 53. Bxc4 Kf5 54. Bb3 Ke5 55. Kg4 Kf6 56. Kf3 Kf5 57. g4+ Ke5 58. Ke3 Kf6 59. Ke4 Kg6 60. Ke5 Kg7 61. Kf5 Kh6 62. Kf6 Kh7 63. Kxg5 Kg7 64. Kf5 Kh7 65. Kf6 Kh6 66. Bf7 Kh7 67. g5 Kh8 68. g6 b3 69. g7+ Kh7 70. g8=Q+ Kh6 71. Qg6# 1-0

[Event "January 2 Early 2024"]
[Site "https://www.chess.com"]
[Date "2024.01.02"]
[Round "1"]
[White "Evdokimov, Alexey"]
[Black "Manolache, Marius"]
[Result "0-1"]
[Board "168"]
[TimeControl "180+1"]
[WhiteFideId "24162450"]
[BlackFideId "1201530"]
[WhiteElo "2345"]
[BlackElo "2701"]
[WhiteTeam "RUS"]
[BlackTeam "ROU"]
[WhiteClock "0:00:05"]
[BlackClock "0:00:22"]

1. Nf3 Nf6 2. c4 d6 3. Nc3 c6 4. d4 Bf5 5. g3 h6 6. Bg2 Nbd7 7. O-O e5 8. Nh4 Bh7 9. e4 Be7 10. Re1 O-O 11. Nf5 Bxf5 12. exf5 Re8 13. Be3 Qc7 14. Qc2 Nb6 15. b3 Bf8 16. Rad1 Ng4 17. dxe5 Nxe3 18. Rxe3 Rxe5 19. Rxe5 dxe5 20. Ne4 Rd8 21. a4 a5 22. Qe2 Rxd1+ 23. Qxd1 Nd7 24. Qd2 Be7 25. h4 Kf8 26. Bf3 Nf6 27. Nxf6 Bxf6 28. Be4 Be7 29. Kg2 Qd6 30. Qxa5 Qd4 31. Qa8+ Bd8 32. Bf3 Qd7 33. a5 Qc7 34. a6 bxa6 35. Qxa6 c5 36. Qa8 Ke7 37. Bd5 Qd6 38. Qa7+ Bc7 39. g4 Kf6 40. Qa1 Ke7 41. Qc3 f6 42. Qa1 e4 43. Qa8 Qh2+ 44. Kf1 Qh1+ 45. Ke2 Qf3+ 46. Ke1 Qc3+ 47. Kf1 Qd3+ 48. Kg2 Qf3+ 49. Kf1 Qd1+ 50. Kg2 Qxg4+ 51. Kf1 Qh3+ 52. Ke2 Qd3+ 53. Ke1 Qb1+ 54. Ke2 Qd3+ 55. Ke1 e3 56. Qg8 Qd2+ 57. Kf1 Qxf2# 0-1

[Event "January 2 Early 2024"]
[Site "https://www.chess.com"]
[Date "2024.01.02"]
[Round "1"]
[White "Gritsenko, Nikolai"]
[Black "Legenia, Artem"]
[Result "0-1"]
[Board "169"]
[TimeControl "180+1"]
[WhiteFideId "14112493"]
[BlackFideId "14136945"]
[WhiteElo "2701"]
[BlackElo "2344"]
[WhiteTeam "UKR"]
[BlackTeam "UKR"]
[WhiteClock "0:00:15"]
[BlackClock "0:00:21"]

1. d4 d5 2. Bg5 c6 3. e3 Bf5 4. Bd3 Bxd3 5. Qxd3 Nd7 6. Nf3 Ngf6 7. Nbd2 Qb6 8. O-O-O e6 9. e4 dxe4 10. Nxe4 Nxe4 11. Qxe4 Bd6 12. Ne5 Bxe5 13. dxe5 Qa5 14. f4 Nb6 15. a3 Qa4 16. Rd4 Qb5 17. Rhd1 O-O 18. R1d3 c5 19. a4 Qa5 20. Rh3 g6 21. Rdd3 c4 22. Rxh7 cxd3 23. Bf6 Kxh7 24. f5 Qxa4 25. b4 Qxc2# 0-1

[Event "January 2 Early 2024"]
[Site "https://www.chess.com"]
[Date "2024.01.02"]
[Round "1"]
[White "Nord, Alexander"]
[Black "Mindlin, Alon"]
[Result "0-1"]
[Board "170"]
[TimeControl "180+1"]
[WhiteFideId "1738135"]
[BlackFideId "2800071"]
[WhiteElo "2343"]
[BlackElo "2700"]
[WhiteTeam "SWE"]
[BlackTeam "ISR"]
[WhiteClock "0:00:03"]
[BlackClock "0:01:15"]

1. e4 e5 2. Nf3 Nc6 3. Bb5 a6 4. Ba4 Nf6 5. O-O Be7 6. c3 Nxe4 7. Re1 Nc5 8. Bxc6 dxc6 9. Nxe5 O-O 10. d4 Nd7 11. Bf4 Nxe5 12. Bxe5 Bd6 13. Nd2 Re8 14. Bxd6 cxd6 15. Qf3 Be6 16. Ne4 Bd5 17. Qf4 Re6 18. Ng5 Rg6 19. Nf3 Rf6 20. Qe3 Bxf3 21. gxf3 Qc8 22. Kh1 h6 23. Rg1 Qf5 24. Rg3 Re6 25. Qd2 Rae8 26. Rag1 Kf8 27. Rxg7 Qxf3+ 28. R7g2 Rg6 29. Qd1 Re2 30. Qf1 Rxb2 31. h3 Rxa2 32. Kh2 Qf4+ 33. Rg3 Rxf2+ 0-1

[Event "January 2 Early 2024"]
[Site "https://www.chess.com"]
[Date "2024.01.02"]
[Round "1"]
[White "Rostomyan, Mikayel"]
[Black "Paragua, Megan Althea"]
[Result "0-1"]
[Board "171"]
[TimeControl "180+1"]
[WhiteFideId "13313754"]
[BlackFideId "30973007"]
[WhiteElo "2698"]
[BlackElo "2343"]
[WhiteTeam "ARM"]
[BlackTeam "USA"]
[WhiteClock "0:00:00"]
[BlackClock "0:00:10"]

1. Nf3 Nf6 2. c4 e6 3. d4 d5 4. g3 Be7 5. Bg2 O-O 6. O-O dxc4 7. Qc2 a6 8. a4 Nc6 9. Qxc4 Qd5 10. Nbd2 Rb8 11. e3 b6 12. Qe2 Bb7 13. Rd1 Rfd8 14. Qf1 Qd7 15. Nc4 Qe8 16. Nfe5 Nxe5 17. Nxe5 Nd5 18. Bd2 c5 19. Bc3 Bf6 20. Ng4 Be7 21. h4 h5 22. Ne5 f6 23. Nc4 Nxc3 24. bxc3 Bxg2 25. Qxg2 b5 26. axb5 axb5 27. Na5 Rdc8 28. d5 exd5 29. Qxd5+ Qf7 30. Nc6 Rb7 31. Qf3 Rbc7 32. Na5 b4 33. c4 Bf8 34. Rd5 g6 35. Nb3 Kg7 36. Rad1 Re8 37. R1d3 Re5 38. Rxe5 fxe5 39. Qe4 Qf6 40. Rd2 Rf7 41. Kg2 Qe6 42. Qd5 Qe7 43. e4 Qf6 44. Qd3 Qe6 45. Qd5 Qg4 46. Nxc5 Bxc5 47. Qxe5+ Kh7 48. Qxc5 Qxe4+ 49. Kh2 Qe1 50. Qe3 Qf1 51. Re2 b3 52. c5 Qa1 0-1

[Event "January 2 Early 2024"]
[Site "https://www.chess.com"]
[Date "2024.01.02"]
[Round "1"]
[White "Sevostianov, Vladimir"]
[Black "Nazari, Arad"]
[Result "0-1"]
[Board "172"]
[TimeControl "180+1"]
[WhiteFideId "4144163"]
[BlackFideId "12577324"]
[WhiteElo "2343"]
[BlackElo "2689"]
[WhiteTeam "RUS"]
[BlackTeam "IRI"]
[WhiteClock "0:01:40"]
[BlackClock "0:01:27"]

1. d4 Nf6 2. Nf3 d5 3. c4 c6 4. Nc3 g6 5. Bf4 Bg7 6. cxd5 Nxd5 7. Nxd5 Qxd5 8. e3 O-O 9. Be2 c5 10. dxc5 Qxc5 11. O-O Bxb2 12. Rb1 Bf6 13. Bh6 Re8 14. Qa4 Bd7 15. Bb5 Nc6 16. Rbc1 Qh5 17. Bf4 a6 18. Be2 Nd4 19. Nxd4 Bxa4 20. Bxh5 gxh5 21. Rc7 e5 22. Nf5 exf4 23. Nh6+ Kg7 24. Nxf7 Re7 25. Rxe7 Bxe7 26. Ne5 fxe3 27. fxe3 Bf6 28. Nd3 Bb5 29. Rd1 Rd8 30. Nf2 Rxd1+ 31. Nxd1 Bc4 32. a3 Be7 33. a4 Bb3 34. Nc3 Bb4 0-1

[Event "January 2 Early 2024"]
[Site "https://www.chess.com"]
[Date "2024.01.02"]
[Round "1"]
[White "Mammadova, Narmin"]
[Black "Kartoflenko"]
[Result "1-0"]
[Board "173"]
[TimeControl "180+1"]
[WhiteFideId "13403710"]
[WhiteElo "2685"]
[BlackElo "2341"]
[WhiteTeam "AZE"]
[WhiteClock "0:00:37"]
[BlackClock "0:00:29"]

1. e3 d5 2. d4 Nf6 3. Nf3 e6 4. Bd3 Be7 5. O-O O-O 6. b3 b6 7. Bb2 Ba6 8. c4 Nbd7 9. Nbd2 c5 10. Rc1 Rc8 11. Qe2 cxd4 12. exd4 Bd6 13. Ne5 h6 14. h3 Qe7 15. Rfe1 Rfd8 16. c5 Bxd3 17. cxd6 Bxe2 18. dxe7 Re8 19. Rxc8 Rxc8 20. Rxe2 1-0

[Event "January 2 Early 2024"]
[Site "https://www.chess.com"]
[Date "2024.01.02"]
[Round "1"]
[White "Andersson, Bjorn 1960"]
[Black "Agibileg, Uurtsaikh"]
[Result "0-1"]
[Board "174"]
[TimeControl "180+1"]
[WhiteFideId "1700545"]
[BlackFideId "4901606"]
[WhiteElo "2338"]
[BlackElo "2684"]
[WhiteTeam "SWE"]
[BlackTeam "MGL"]
[WhiteClock "0:00:00"]
[BlackClock "0:00:03"]

1. e4 e5 2. Nf3 Nc6 3. Bc4 Nf6 4. Ng5 d5 5. exd5 Na5 6. Bb5+ c6 7. dxc6 bxc6 8. Bd3 Nd5 9. Nf3 Nf4 10. Bf1 Bc5 11. d4 Bb6 12. Bxf4 exf4 13. Be2 O-O 14. O-O Be6 15. c3 Nc4 16. Qc1 g5 17. Nbd2 Nxd2 18. Qxd2 Kh8 19. Rfe1 Rg8 20. Ne5 Rc8 21. Bg4 Qf6 22. Qe2 Rge8 23. Bxe6 fxe6 24. Qh5 c5 25. Nf7+ Kg7 26. Nxg5 cxd4 27. Qxh7+ Kf8 28. Qh5 Kg7 29. Ne4 Qe7 30. cxd4 Bxd4 31. Qg4+ Kh8 32. Qxf4 Rg8 33. Qh6+ Qh7 34. Qxh7+ Kxh7 35. Rad1 Bxb2 36. Rd7+ Rg7 37. Rxg7+ Kxg7 38. g3 Rc2 39. Ng5 e5 40. Nf3 Kf6 41. Kf1 a5 42. Re2 Rc1+ 43. Kg2 Bc3 44. h4 a4 45. Ng5 Kg6 46. Ne4 Bd4 47. Nd6 a3 48. Nb5 Bb2 49. Re3 Ra1 50. Nxa3 Rxa2 51. Nc4 Bd4 52. Nxe5+ Kf5 53. Nc4 Rc2 54. Rd3 Rxc4 55. Kf3 Bc5 56. Rd2 Ke5 57. Kg2 Rc3 58. Re2+ Kf6 59. Kh3 Rc4 60. f4 Rc3 61. Kg4 Bb4 62. h5 Rb3 63. Rh2 Be1 64. Rh3 Kg7 65. h6+ Kh7 66. Kh4 Bf2 67. Kg4 Rb4 68. Kh4 Rxf4+ 69. Kg5 Rb4 70. g4 Bc5 71. Kf5 Bd6 72. g5 Rf4+ 73. Ke6 Bb4 74. Rg3 Kg6 75. Rh3 Rf8 76. h7 Rh8 77. Ke5 Bc5 78. Ke4 Bb6 79. Rh6+ Kxg5 80. Rh1 Kg6 81. Kd5 Bc7 82. Ke6 Bf4 83. Rg1+ Bg5 84. Rh1 Bh6 85. Rg1+ Kxh7 86. Kf7 Rf8+ 87. Ke6 Rf2 88. Kd7 Rf5 89. Ke6 Ra5 90. Kd7 Bg5 91. Ke6 Kg6 92. Kd7 Kf5 93. Kc6 Bf4 94. Rg8 Ra2 95. Kd5 Rd2+ 96. Kc4 Ke4 97. Re8+ Be5 98. Kc5 Rc2+ 99. Kb4 Kd5 100. Rd8+ Bd6+ 101. Kb3 Rh2 102. Kc3 Rh3+ 103. Kd2 Rh6 104. Ke3 Kc4 105. Ke4 Bc5 106. Kf5 Rh4 107. Kg5 Rh1 108. Kf5 Re1 109. Rc8 Kd5 110. Rd8+ Bd6 111. Kg4 Ke5 112. Kf3 Rf1+ 113. Kg2 Ra1 114. Kf3 Ra3+ 115. Kg2 Bc5 116. Re8+ Kf4 117. Rf8+ Bxf8 0-1

[Event "January 2 Early 2024"]
[Site "https://www.chess.com"]
[Date "2024.01.02"]
[Round "1"]
[White "Rozman, Levy"]
[Black "Bueno, Alfeu Junior Varela"]
[Result "1-0"]
[Board "175"]
[TimeControl "180+1"]
[WhiteFideId "2039877"]
[BlackFideId "2108879"]
[WhiteElo "2683"]
[BlackElo "2338"]
[WhiteTeam "USA"]
[BlackTeam "BRA"]
[WhiteClock "0:00:41"]
[BlackClock "0:00:07"]

1. e4 e6 2. b3 d5 3. Bb2 Nf6 4. e5 Nfd7 5. f4 c5 6. Qg4 Nc6 7. Nf3 Ne7 8. Nc3 Nb6 9. a4 Bd7 10. a5 Nbc8 11. Be2 Nf5 12. Qh3 Bc6 13. g4 d4 14. gxf5 dxc3 15. dxc3 exf5 16. Qxf5 Ne7 17. Qg4 Nd5 18. Kf2 c4 19. b4 Qc7 20. Rhd1 Rd8 21. Nd4 Bd7 22. Qf3 Ne7 23. Rd2 g6 24. Rad1 Bg7 25. Nb5 Qb8 26. Qxb7 Qxb7 27. Nd6+ Kf8 28. Nxb7 1-0

[Event "January 2 Early 2024"]
[Site "https://www.chess.com"]
[Date "2024.01.02"]
[Round "1"]
[White "Gao, Raymond"]
[Black "Arslanov, Shamil"]
[Result "0-1"]
[Board "176"]
[TimeControl "180+1"]
[WhiteFideId "2629429"]
[BlackFideId "4192826"]
[WhiteElo "2337"]
[BlackElo "2681"]
[WhiteTeam "CAN"]
[BlackTeam "RUS"]
[WhiteClock "0:00:19"]
[BlackClock "0:00:07"]

1. e4 d6 2. d4 e5 3. Nf3 Bg4 4. dxe5 Nc6 5. Bb5 Qd7 6. h3 Bh5 7. Nc3 O-O-O 8. Qe2 dxe5 9. Be3 f6 10. Rd1 Bd6 11. Qc4 Bxf3 12. gxf3 Nge7 13. Nd5 Qe8 14. Rg1 Qh5 15. Nxe7+ Nxe7 16. Qe6+ Kb8 17. Rxd6 Rxd6 18. Qxe7 Qxf3 19. Be2 Qxe4 20. Rxg7 Rc8 21. Bg4 Qh1+ 22. Ke2 Qd1# 0-1

[Event "January 2 Early 2024"]
[Site "https://www.chess.com"]
[Date "2024.01.02"]
[Round "1"]
[White "Han, Yichen"]
[Black "Lima, Artur Tin Lun Dai"]
[Result "1-0"]
[Board "177"]
[TimeControl "180+1"]
[WhiteFideId "1054430"]
[BlackFideId "22773150"]
[WhiteElo "2677"]
[BlackElo "2336"]
[WhiteTeam "NED"]
[BlackTeam "BRA"]
[WhiteClock "0:00:18"]
[BlackClock "0:00:45"]

1. Nf3 Nf6 2. b3 d5 3. Bb2 e6 4. e3 Be7 5. c4 O-O 6. g3 c5 7. cxd5 exd5 8. Bg2 Nc6 9. d4 Re8 10. O-O Bg4 11. h3 Bh5 12. g4 Bg6 13. Nc3 Ne4 14. dxc5 Nxc3 15. Bxc3 Bxc5 16. Nd4 Bxd4 17. Bxd4 Be4 18. Rc1 Bxg2 19. Kxg2 Re4 20. Bb2 h5 21. gxh5 Qg5+ 22. Kh2 Rh4 23. Rg1 Qf5 24. Rxg7+ Kf8 25. Rg3 Qxf2+ 26. Rg2 Qf5 27. Kg1 Rxh5 28. Qg4 Qxg4 29. hxg4 Rg5 30. Bf6 Rg6 31. g5 Re8 32. Kf2 Nb4 33. Rc7 Nxa2 34. Rh2 b6 35. Rh8+ Rg8 36. Rh7 Ra8 37. Rhxf7+ Ke8 38. Rce7+ Kd8 39. Rxa7+ Ke8 40. Rfe7+ 1-0

[Event "January 2 Early 2024"]
[Site "https://www.chess.com"]
[Date "2024.01.02"]
[Round "1"]
[White "Pavlidou, Ekaterini"]
[Black "Csonka, Balazs"]
[Result "0-1"]
[Board "178"]
[TimeControl "180+1"]
[WhiteFideId "4213262"]
[BlackFideId "742910"]
[WhiteElo "2335"]
[BlackElo "2676"]
[WhiteTeam "GRE"]
[BlackTeam "HUN"]
[WhiteClock "0:00:15"]
[BlackClock "0:00:08"]

1. d4 d6 2. c4 Nf6 3. Nc3 g6 4. e4 Bg7 5. Be2 O-O 6. Be3 c5 7. d5 e6 8. h3 exd5 9. exd5 Re8 10. Nf3 Rxe3 11. fxe3 Qe7 12. Qd2 Bh6 13. Kf2 Nbd7 14. g4 Bg7 15. g5 Ne8 16. h4 Ne5 17. Nxe5 Bxe5 18. Bf3 a6 19. a4 Ng7 20. e4 Bd7 21. Kg2 Rf8 22. Qe2 f6 23. gxf6 Qxf6 24. Qf1 Qf4 25. Ne2 Qd2 26. Qe1 Qxb2 27. Rb1 Qa3 28. Rf1 Nh5 29. Rxb7 Bh3+ 30. Kxh3 Rxf3+ 31. Kg2 Re3 32. Rb8+ Kg7 33. Rb7+ Kg8 34. Rb8+ Kg7 35. Rb7+ Kh6 36. Rff7 Rxe2+ 37. Qxe2 Nf4+ 38. Kh1 Qc1+ 39. Kh2 Nxe2+ 40. Kh3 Qh1+ 41. Kg4 Qg2# 0-1

[Event "January 2 Early 2024"]
[Site "https://www.chess.com"]
[Date "2024.01.02"]
[Round "1"]
[White "Weetik, Vjacheslav"]
[Black "Larina, Maria"]
[Result "1-0"]
[Board "179"]
[TimeControl "180+1"]
[WhiteFideId "4153472"]
[BlackFideId "24113182"]
[WhiteElo "2674"]
[BlackElo "2333"]
[WhiteTeam "RUS"]
[BlackTeam "FID"]
[WhiteClock "0:00:39"]
[BlackClock "0:00:38"]

1. d4 f5 2. g3 Nf6 3. Bg2 g6 4. Nd2 Bg7 5. e4 fxe4 6. Nxe4 Nxe4 7. Bxe4 d5 8. Bg2 O-O 9. Ne2 e5 10. dxe5 c6 11. f4 Bg4 12. h3 Bf5 13. Nd4 Re8 14. O-O Qd7 15. Nxf5 Qxf5 16. Be3 Na6 17. Qe2 Nc7 18. Rad1 a6 19. c4 Rad8 20. Bb6 Qf7 21. cxd5 cxd5 22. Rd3 Kh8 23. Kh2 Rd7 24. Rfd1 Red8 25. e6 Qxe6 26. Qxe6 Nxe6 27. Bxd8 Rxd8 28. Rxd5 Rxd5 29. Bxd5 Nc5 30. b4 Na4 31. Bxb7 Bc3 32. Bxa6 Bxb4 33. Rd4 Nc5 34. Rxb4 Nxa6 1-0

[Event "January 2 Early 2024"]
[Site "https://www.chess.com"]
[Date "2024.01.02"]
[Round "1"]
[White "Lira, Suan Bruno Fernandes"]
[Black "Hamitevici, Vladimir"]
[Result "0-1"]
[Board "180"]
[TimeControl "180+1"]
[WhiteFideId "22794620"]
[BlackFideId "13902393"]
[WhiteElo "2333"]
[BlackElo "2673"]
[WhiteTeam "BRA"]
[BlackTeam "MDA"]
[WhiteClock "0:00:05"]
[BlackClock "0:00:15"]

1. d4 Nf6 2. c4 b6 3. Nf3 Bb7 4. g3 g6 5. Bg2 Bg7 6. O-O O-O 7. Nc3 Ne4 8. Qc2 Nxc3 9. bxc3 d6 10. e4 Nd7 11. Re1 e5 12. Bg5 Qe8 13. Rab1 h6 14. Bd2 Qe6 15. Qa4 c5 16. d5 Qe8 17. Qc2 Ba6 18. Bf1 f5 19. Nh4 f4 20. Qc1 Nf6 21. gxf4 exf4 22. Bxf4 g5 23. Bxd6 gxh4 24. Bxf8 Qg6+ 25. Kh1 Rxf8 26. f3 Nd7 27. f4 Qg4 28. e5 Rxf4 29. e6 Nf6 30. e7 Kf7 31. Qe3 Re4 32. Qh3 Rxe7 33. Qxg4 Nxg4 34. Rxe7+ Kxe7 35. Re1+ Ne5 36. Bh3 Bxc4 37. Be6 Bxa2 38. Re4 Bf6 39. Ra4 Bc4 40. Rxa7+ Kd6 41. Rh7 Bg5 42. Rb7 b5 43. Rb6+ Ke7 44. Rb7+ Kf6 45. Kg1 Be3+ 46. Kg2 Bd2 47. Kh3 Bxc3 48. Kxh4 b4 49. Kh5 Bd2 50. Rc7 Be2+ 51. Kh4 c4 52. d6 Kxe6 53. d7 Nxd7 54. Rc6+ Kd5 0-1